 Dungeon Crawl Stone Soup version 0.25-a0-930-g9f5dfa9815 (webtiles) character file.

Game seed: 648769258791291066, levelgen mode: deterministic

2605 Hasart the Magician (level 9, -1/45 HPs)
             Began as a Deep Elf Wizard on May 3, 2020.
             Was a Believer of Vehumet.
             Slain by a two-headed ogre
             ... wielding a +0 giant club
              (17 damage)
             ... on level 8 of the Dungeon.
             The game lasted 00:24:20 (10249 turns).

Hasart the Magician (Deep Elf Wizard)              Turns: 10249, Time: 00:24:20

Health: -1/45      AC:  2    Str:  4      XL:     9   Next: 33%
Magic:  9/22       EV: 15    Int: 30      God:    Vehumet [**....]
Gold:   367        SH:  0    Dex: 12 (13) Spells: 14/22 levels left

rFire    . . .     SeeInvis .   s - +2 dagger (freeze)
rCold    . . .     Gourm    +   (no shield)
rNeg     + . .     Faith    .   a - +0 robe
rPois    .         Spirit   .   b - +0 hat
rElec    .         Reflect  .   (no cloak)
rCorr    .         Harm     .   (no gloves)
MR       .....                  (no boots)
Stlth    ++........             r - amulet of the gourmand
HPRegen  0.15/turn              f - ring of positive energy
MPRegen  0.18/turn              w - +3 ring of intelligence

@: no status effects
A: no striking features
a: Renounce Religion


You were on level 8 of the Dungeon.
You worshipped Vehumet.
Vehumet was pleased with you.
You were very full.

You visited 2 branches of the dungeon, and saw 9 of its levels.

You collected 367 gold pieces.

Inventory:

Hand Weapons
 s - a +2 dagger of freezing (weapon)
Armour
 a - a +0 robe (worn)
 b - a +0 hat (worn)
 q - +0 swamp dragon scales
 x - a scarf of spirit shield
Jewellery
 f - a ring of positive energy (left hand)
 r - an amulet of the gourmand (around neck)
 w - a +3 ring of intelligence (right hand)
Wands
 y - a wand of iceblast (15)
 E - a wand of flame (43)
 F - a wand of random effects (26)
Scrolls
 i - 6 scrolls of identify {unknown}
 j - 2 scrolls of blinking {unknown}
 l - 5 scrolls of remove curse {unknown}
 n - 2 scrolls of noise {unknown}
 v - a scroll of amnesia {unknown}
 A - 2 scrolls of immolation {unknown}
 B - a scroll of holy word {unknown}
 D - a scroll of fog {unknown}
 G - a scroll of random uselessness {unknown}
Potions
 c - 4 potions of curing
 e - a potion of cancellation
 g - a potion of ambrosia {unknown}
 h - a potion of degeneration {unknown}
 k - a potion of stabbing
 o - a potion of lignification {unknown}
 t - a potion of resistance
 u - a potion of berserk rage {unknown}
 z - 2 potions of might {unknown}
 C - 3 potions of brilliance {unknown}
Comestibles
 d - 13 rations


   Skills:
 + Level 5.9 Dodging
 - Level 2.4 Stealth
 + Level 7.4 Spellcasting
 * Level 7.2 Conjurations
 + Level 4.7 Summonings
 - Level 4.0 Translocations
 - Level 4.0 Air Magic
 - Level 4.0 Poison Magic
 + Level 3.3 Evocations


You had 14 spell levels left.
You knew the following spells:

 Your Spells              Type           Power        Failure   Level  Hunger
a - Magic Dart            Conj           ####         1%          1    None
b - Call Imp              Summ           #####...     1%          2    None
c - Blink                 Tloc           N/A          1%          2    None
d - Mephitic Cloud        Conj/Pois/Air  #####...     1%          3    None

Your spell library contained the following spells:

 Spells                   Type           Power        Failure   Level  Hunger
 Sandblast                Erth           ##....       4%          1    None
 Conjure Flame            Conj/Fire      ####....     3%          3    None
 Slow                     Hex            ##......     7%          2    None


Dungeon Overview and Level Annotations

Branches:
Dungeon (8/15)             Temple (1/1) D:7            Lair (0/6) D:8

Altars:
Cheibriados
Dithmenos
Elyvilon
Fedhas
Gozag
Hepliaklqana
Makhleb
Nemelex Xobeh
Okawaru
Ru
Trog
Uskayaw
Vehumet
Wu Jian
Xom
Zin
The Shining One

Annotations:
D:8 Maggie, Maurice, Pikel, Prince Ribbit


Message History

The ball explodes into a vile cloud!
The stinking cloud engulfs Prince Ribbit but does no damage.
Your surroundings suddenly seem different.
A quokka comes into view.
An orc priest comes into view. It is wielding a +0 whip.
A two-headed ogre comes into view. It is wielding two +0 giant clubs.
An eye of draining comes into view.
Found a leatherbound book.
Found a staircase to the Lair.
Unknown command.
Unknown command.
Unknown command.
The two-headed ogre shouts in stereo!
The eye of draining turns its gaze towards you.
The ice beast hits you but does no damage.
Maggie closely misses you.
Press: ? - help, v - describe, . - travel The floor.
The ice beast closely misses you.
The two-headed ogre hits you with a +0 giant club!
You die...

###.....###
##.........##.#
##...........#.#
##..............#
#.......>........
#...rP......:..#
#..o@..Go...#
#.....Y...#
###...@.###
###O##.# .... # #
#.##### .. .. ..#
.# ..


You could see Maggie, a two-headed ogre, an eye of draining, an ice beast, an
orc priest, an orc and a quokka.

Vanquished Creatures
  An orc warrior (D:7)
  2 sky beasts
  An ice beast (D:7)
  3 ogres
  3 bullfrogs
  2 killer bees (D:8)
  2 howler monkeys
  3 crimson imps
  A centaur zombie (D:6)
  A quasit (D:5)
  A bullfrog zombie (D:5)
  4 hounds
  A jelly (D:8)
  3 orc wizards
  6 orc priests
  2 iguanas
  5 worker ants (D:6)
  A hound zombie (D:5)
  A howler monkey zombie (D:6)
  12 gnolls
  A howler monkey skeleton (D:8)
  8 adders
  2 shadow imps
  2 oozes
  An adder zombie (D:5)
  3 worms
  An adder skeleton (D:5)
  3 dart slugs
  5 leopard geckos
  20 orcs
  6 giant cockroaches
  10 goblins
  5 hobgoblins
  8 jackals
  8 kobolds
  3 quokkas
  A ball python (D:6)
  7 bats
  5 frilled lizards
  A jackal zombie (D:5)
  A quokka skeleton (D:4)
  7 rats
163 creatures vanquished.

Vanquished Creatures (collateral kills)
  Joseph (D:8)
  2 slaves
  An orc warrior (D:7)
  2 eyes of draining (D:5)
  A scorpion (D:7)
  A howler monkey (D:7)
  A hound (D:5)
  An orc priest (D:3)
  An orc wizard (D:5)
  2 worker ants
  3 gnolls
  A dart slug (D:5)
  4 orcs
  A quokka (D:7)
22 creatures vanquished.

Vanquished Creatures (others)
  A plant (D:8)
1 creature vanquished.

Grand Total: 186 creatures vanquished

Notes
Turn   | Place    | Note
-------+----------+-------------------------------------------
     0 | D:1      | Hasart the Deep Elf Wizard began the quest for the Orb.
     0 | D:1      | Reached XP level 1. HP: 10/10 MP: 7/7
   322 | D:1      | Reached XP level 2. HP: 15/15 MP: 0/9
   400 | D:1      | Learned a level 2 spell: Call Imp
   403 | D:1      | Learned a level 2 spell: Blink
  1103 | D:2      | Reached XP level 3. HP: 19/19 MP: 8/11
  1420 | D:2      | Found a faded altar of an unknown god.
  1761 | D:2      | Reached XP level 4. HP: 24/24 MP: 10/12
  2146 | D:3      | Reached skill level 5 in Spellcasting
  2220 | D:3      | Learned a level 3 spell: Mephitic Cloud
  2297 | D:3      | Reached XP level 5. HP: 25/28 MP: 8/14
  2873 | D:3      | Found a hazy altar of Hepliaklqana.
  3179 | D:3      | Reached skill level 1 in Poison Magic
  3184 | D:3      | Reached skill level 1 in Air Magic
  3185 | D:3      | Reached XP level 6. HP: 24/32 MP: 6/16
  4314 | D:5      | Entered Level 5 of the Dungeon
  4471 | D:5      | Reached XP level 7. HP: 30/36 MP: 5/17
  4552 | D:5      | Found a bloodstained altar of Trog.
  4856 | D:5      | Reached skill level 5 in Conjurations
  4997 | D:5      | Found a snail-covered altar of Cheibriados.
  5864 | D:6      | You fall into a shaft and drop 2 floors!
  5865 | D:8      | Noticed Maggie
  5866 | D:8      | Noticed Pikel
  5915 | D:7      | Found a staircase to the Ecumenical Temple.
  5923 | Temple   | Entered the Ecumenical Temple
  5991 | Temple   | Became a worshipper of Vehumet
  6059 | D:7      | Reached skill level 1 in Evocations
  6062 | D:7      | HP: 1/36 [poisoned by a scorpion]
  6384 | D:7      | Reached XP level 8. HP: 40/41 MP: 13/19
  7249 | D:7      | Reached skill level 5 in Dodging
  7274 | D:7      | Reached * piety under Vehumet
  7274 | D:7      | Offered knowledge of Shock by Vehumet.
  7568 | D:7      | Found a burning altar of Makhleb.
  7582 | D:7      | Found a shimmering altar of Xom.
  8242 | D:6      | Noticed a +0 hand axe
  8243 | D:6      | Found a hide-covered altar of Uskayaw.
  8243 | D:6      | Noticed a +0 hand axe
  8488 | D:5      | Reached XP level 9. HP: 36/45 MP: 3/21
  8926 | D:6      | Reached ** piety under Vehumet
  8927 | D:6      | Offered knowledge of Sandblast by Vehumet.
  8929 | D:6      | Found an opulent altar of Gozag.
  9347 | D:8      | Noticed Joseph
  9637 | D:8      | Killed Joseph
 10237 | D:8      | Noticed Maurice
 10241 | D:8      | Noticed Prince Ribbit
 10247 | D:8      | Found a staircase to the Lair.
 10247 | D:8      | Noticed a two-headed ogre
 10249 | D:8      | Slain by a two-headed ogre

Levels and vault maps discovered:
D:1:      lightli_arrival_quake, layout_loops_ring
D:2:      layout_loops_ring, chequers_ecumenical_altar_grove
D:3:      layout_rooms, nicolae_overflow_crystal_walls
D:4:      layout_rooms, minmay_misc_feat_columns
D:5:      layout_loops_ring, trog_eyes_of_draining, first_ration, serial_rivers,
          chequers_serial_rivers_large_b, chequers_serial_rivers_micro_a,
          chequers_serial_rivers_small_3, chequers_serial_rivers_large_a,
          kennysheep_slug_shrine
D:6:      layout_loops_ring, grunt_gozag_statues, dancing_weapons_uskayaw
D:7:      layout_gridville, grunt_temple_overflow_champion_of_chaos,
          minmay_temple_entry_statues_fountains
D:8:      layout_loops_ring, erik_lair_orcish_takeover, grunt_ogre_cave,
          uniq_pikel, uniq_prince_ribbit1, uniq_joseph, uniq_maggie,
          uniq_maurice
Temple:   eino_temple_scatter_basement

Skill      XL: |  1  2  3  4  5  6  7  8  9 |
---------------+----------------------------+-----
Conjurations   | 2 3 4 5 6 7 |  7.2
Dodging        | 3 4 5 |  5.9
Spellcasting   | 5 6 7 |  7.4
Summonings     | 2 3 4 |  4.7
Translocations | 2 3 4 |  4.0
Poison Magic   | 1 2 3 4 |  4.0
Air Magic      | 1 2 3 4 |  4.0
Evocations     | 1 2 3 |  3.3
Stealth        | |  2.4

Action                   |  1- 3 |  4- 6 |  7- 9 || total
-------------------------+-------+-------+-------++-------
Melee: Spear             |     1 |     4 |       ||     5
       Dagger            |       |    14 |    61 ||    75
 Cast: Magic Dart        |    79 |   174 |   312 ||   565
       Call Imp          |       |    11 |    26 ||    37
       Mephitic Cloud    |       |       |    29 ||    29
Evoke: Wand              |       |       |     2 ||     2
  Use: Potion            |       |       |     3 ||     3
       Scroll            |       |       |     3 ||     3
 Stab: Sleeping          |       |       |     2 ||     2
       Confused          |       |       |     2 ||     2
       Distracted        |       |       |     1 ||     1
  Eat: Chunk             |     2 |    17 |    19 ||    38
Armor: Robe              |     1 |     3 |    22 ||    26
Dodge: Dodged            |    10 |    43 |   113 ||   166

Table legend:
 A = Non-vault XP
 B = Vault XP
 C = Vault XP percentage of total XP
 D = Non-vault monster count
 E = Vault monster count
 F = Vault count percentage of total count
                 A         B        C        D         E       F
            +---------+---------+-------+---------+---------+-------
      Total |    3151 |     571 |  15.3 |     175 |       8 |   4.4
            +---------+---------+-------+---------+---------+-------
        D:1 |      34 |       0 |   0.0 |      11 |       0 |   0.0
        D:2 |      65 |       0 |   0.0 |      24 |       0 |   0.0
        D:3 |     297 |       0 |   0.0 |      35 |       0 |   0.0
        D:4 |     291 |       0 |   0.0 |      19 |       0 |   0.0
        D:5 |     356 |     187 |  34.4 |      20 |       5 |  20.0
        D:6 |     757 |       0 |   0.0 |      30 |       0 |   0.0
        D:7 |    1019 |      44 |   4.1 |      28 |       1 |   3.4
        D:8 |     332 |     340 |  50.6 |       8 |       2 |  20.0
            +---------+---------+-------+---------+---------+-------
